 Dungeon Crawl Stone Soup version 0.24-b1-30-g840c9efd86 (webtiles) character file.

Game seed: 2533842497905828086, levelgen mode: deterministic

60 CPA the Skirmisher (level 3, -1/32 HPs)
             Began as a Demonspawn Fighter on Oct 24, 2019.
             Slain by an adder (3 damage)
             ... on level 2 of the Dungeon.
             The game lasted 00:01:40 (1991 turns).

CPA the Skirmisher (Demonspawn Fighter)             Turns: 1991, Time: 00:01:42

Health: -1/32      AC:  7    Str: 17    XL:     3   Next: 82%
Magic:  3/3        EV:  6    Int:  9    God:
Gold:   148        SH:  8    Dex: 12    Spells: 2/2 levels left

rFire    . . .     SeeInvis .   a - +0 war axe
rCold    . . .     Gourm    .   c - +0 shield
rNeg     . . .     Faith    .   b - +0 scale mail
rPois    .         Spirit   .   e - +0 helmet
rElec    .         Reflect  .   (no cloak)
rCorr    .         Harm     .   (no gloves)
MR       .....                  (no boots)
Stlth    ..........             (no amulet)
HPRegen  0.10/turn              (no ring)
MPRegen  0.08/turn              (no ring)

@: lethally poisoned (-1 -> -11)
A: foul stench 1, rot immunity
a: no special abilities


You were on level 2 of the Dungeon.
You were not hungry.

You visited 1 branch of the dungeon, and saw 2 of its levels.

You collected 148 gold pieces.

Inventory:

Hand Weapons
 a - a +0 war axe (weapon)
Missiles
 g - a throwing net (quivered)
 o - 24 poisoned darts
Armour
 b - a +0 scale mail (worn)
 c - a +0 shield (worn)
 e - a +0 helmet (worn)
Jewellery
 n - a cursed -5 ring of intelligence {unknown}
Scrolls
 h - a scroll of immolation {unknown}
 i - 3 scrolls of identify {unknown}
 j - a scroll of teleportation {unknown}
 k - a scroll of fear {unknown}
 m - a scroll of magic mapping {unknown}
 p - a scroll of fog {unknown}
Potions
 d - a potion of might
Comestibles
 f - 5 rations
 l - a chunk of flesh


   Skills:
 + Level 4.8 Fighting
 - Level 1.7 Axes
 - Level 2.6 Armour
 - Level 2.6 Shields


You had 2 spell levels left.
You didn't know any spells.
Your spell library was empty.

Dungeon Overview and Level Annotations

Branches:
Dungeon (2/15)

Altars:
Nemelex Xobeh


Innate Abilities, Weirdness & Mutations

You may emit foul miasma when damaged in melee.
You are immune to rotting.


Message History

* * * LOW HITPOINT WARNING * * *
You are poisoned.
The adder poisons you!
Your shield and scale mail prevent you from hitting the adder.
The adder is almost dead.
You feel sick. The adder bites you.
* * * LOW HITPOINT WARNING * * *
You are lethally poisoned!
The adder poisons you! The adder closely misses you.
Your shield and scale mail prevent you from hitting the adder.
The adder is almost dead.
* * * LOW HITPOINT WARNING * * *
You feel sick.
The adder bites you but does no damage. x2
You barely miss the adder.
The adder is almost dead.
* * * LOW HITPOINT WARNING * * *
You feel sick. The adder bites you.
* * * LOW HITPOINT WARNING * * *
The adder bites you.
You die...

.... #####.....#
.....##.........#
.....''.........#
......#.......###
##... #.......#
#). #.......# #.
#.......#
######.......##
.......@.......
....?..†S......
...............
...............
...............
...............
...............
...........####


You could see an adder.

Vanquished Creatures
  An ooze (D:1)
  A worm (D:2)
  2 dart slugs (D:1)
  A leopard gecko (D:1)
  A ball python (D:1)
  9 bats
  3 giant cockroaches
  5 goblins
  5 hobgoblins
  9 jackals
  2 kobolds
  2 rats (D:1)
41 creatures vanquished.

Notes
Turn   | Place    | Note
-------+----------+-------------------------------------------
     0 | D:1      | CPA the Demonspawn Fighter began the quest for the Orb.
     0 | D:1      | Reached XP level 1. HP: 18/18 MP: 1/1
   323 | D:1      | Gained mutation: You are immune to rotting. [demonic
                  | ancestry]
   323 | D:1      | Reached XP level 2. HP: 22/24 MP: 2/2
   664 | D:1      | Reached skill level 4 in Fighting
   810 | D:1      | Gained mutation: You may emit foul miasma when damaged in
                  | melee. [demonic ancestry]
   810 | D:1      | Reached XP level 3. HP: 25/30 MP: 3/3
  1345 | D:2      | Found a sparkling altar of Nemelex Xobeh.
  1991 | D:2      | Slain by an adder

Skill      XL: |  1  2 |
---------------+-------+-----
Fighting       | 4 |  4.8
Axes           | |  1.7
Armour         | |  2.6
Shields        | |  2.6

Action                   || total
-------------------------++-------
Melee: War axe           ||   144
  Eat: Chunk             ||     4
Armor: Scale mail        ||    91
Dodge: Dodged            ||    36
Block: Shield            ||    91
